TOP OF THE 1ST |
Daytona Beach Islanders batting - Pitching for Lakeland Pilots : RHP Doug Welenc
|
Pitching: RHP Doug Welenc
|
|
Batting: SHB Michael Frierson
|
0-0: Ball 1-0: Ball 2-0: Swinging Strike 2-1: Fly out, F9 (Flyball, 9LM, EV 84.4 MPH)
|
Batting: RHB Kalvin Adams
|
0-0: Called Strike 0-1: Foul Ball, location: 2F 0-2: Foul Ball, location: 2F 0-2: Strikes out swinging
|
Batting: SHB Randle Granger
|
0-0: Called Strike 0-1: Ground out 6-3 (Groundball, 6D, EV 84.4 MPH)
|
Top of the 1st over - 0 runs, 0 hits, 0 errors, 0 left on base; Daytona Beach 0 - Lakeland 0 |
BOTTOM OF THE 1ST |
Lakeland Pilots batting - Pitching for Daytona Beach Islanders : RHP Steven Christison
|
Pitching: RHP Steven Christison
|
|
Batting: LHB Chris Stropolo
|
0-0: Ball 1-0: Ball 2-0: Ball 3-0: Base on Balls
|
Batting: RHB Dave C Anderson
|
0-0: Fielders Choice at 2nd, 6-4 (Groundball, 6, EV 103.1 MPH)
|
Batting: SHB Mike D Young
|
0-0: Called Strike 0-1: Ball Dave C Anderson steals 2nd base 1-1: Foul Ball, location: 2F 1-2: Foul Ball, location: 2F 1-2: Ball 2-2: Foul Ball, location: 2F 2-2: Strikes out swinging
|
Batting: LHB Mike Laga
|
0-0: Called Strike 0-1: Ball 1-1: Foul Ball, location: 2F 1-2: Ball 2-2: SINGLE (Groundball, 6MS, EV 70.6 MPH) (infield hit) Dave C Anderson to third
|
Batting: RHB Victor Saenz
|
0-0: Foul Ball, location: 2F 0-1: Called Strike 0-2: Strikes out looking
|
Bottom of the 1st over - 0 runs, 1 hit, 0 errors, 2 left on base; Daytona Beach 0 - Lakeland 0 |
TOP OF THE 2ND |
Daytona Beach Islanders batting - Pitching for Lakeland Pilots : RHP Doug Welenc
|
Batting: RHB Columbus Duncan
|
0-0: SINGLE (Groundball, 4MD, EV 106.9 MPH) (infield hit)
|
Batting: RHB Michael Lavery
|
0-0: Called Strike 0-1: Foul Ball, location: 2F 0-2: Ball 1-2: Foul Ball, location: 2F 1-2: Ball 2-2: Ball 3-2: Fly out, F5 (Line Drive, 5, EV 70.0 MPH) Lined into DP, 5-3 (Line Drive, 5, EV 69.4 MPH)
|
Batting: RHB Jeff Rutledge
|
0-0: SINGLE (Line Drive, 4D, EV 101.9 MPH)
|
Batting: RHB Francisco Gonzalez
|
0-0: Called Strike 0-1: Called Strike Jeff Rutledge steals 2nd base 0-2: Ball 1-2: SINGLE (Groundball, 4MD, EV 110.6 MPH) Jeff Rutledge to third Runner from 3rd tries for Home, SAFE, throw by CF to home Francisco Gonzalez to second
|
Batting: RHB Jeffrey Coker
|
0-0: Fly out, F4 (Popup, 34S, EV 81.3 MPH)
|
Top of the 2nd over - 1 run, 3 hits, 0 errors, 1 left on base; Daytona Beach 1 - Lakeland 0 |
BOTTOM OF THE 2ND |
Lakeland Pilots batting - Pitching for Daytona Beach Islanders : RHP Steven Christison
|
Batting: RHB Kevin McGann
|
0-0: Foul Ball, location: 2F 0-1: Ball 1-1: Ball 2-1: Ball 3-1: Base on Balls
|
Batting: RHB Juan Espino
|
0-0: Called Strike 0-1: Grounds into double play, 4-6-3 (Groundball, 34, EV 100.6 MPH)
|
Batting: SHB Alphonso Eiland
|
0-0: Called Strike 0-1: Ball 1-1: Called Strike 1-2: Strikes out swinging
|
Bottom of the 2nd over - 0 runs, 0 hits, 0 errors, 0 left on base; Daytona Beach 1 - Lakeland 0 |
TOP OF THE 3RD |
Daytona Beach Islanders batting - Pitching for Lakeland Pilots : RHP Doug Welenc
|
Batting: RHB Robert Whitfield
|
0-0: Ball 1-0: Foul Ball, location: 2F 1-1: Swinging Strike 1-2: Ground out 6-3 (Groundball, 4MS, EV 83.8 MPH)
|
Batting: SHB Michael Frierson
|
0-0: Called Strike 0-1: Foul Ball, location: 2F 0-2: Ball 1-2: SINGLE (Line Drive, 4MD, EV 93.8 MPH)
|
Batting: RHB Kalvin Adams
|
0-0: Called Strike 0-1: Ball 1-1: Ball 2-1: Foul Ball, location: 2F 2-2: Foul Ball, location: 2F 2-2: Foul Ball, location: 2F 2-2: Ball 3-2: Fly out, F2 (Popup, 23F, EV 83.1 MPH)
|
Batting: SHB Randle Granger
|
0-0: Ball 1-0: Ball Michael Frierson steals 2nd base (no throw) 2-0: Called Strike 2-1: Ball 3-1: Called Strike 3-2: Foul Ball, location: 2F 3-2: Fly out, F8 (Flyball, 8LXD, EV 98.1 MPH)
|
Top of the 3rd over - 0 runs, 1 hit, 0 errors, 1 left on base; Daytona Beach 1 - Lakeland 0 |
BOTTOM OF THE 3RD |
Lakeland Pilots batting - Pitching for Daytona Beach Islanders : RHP Steven Christison
|
Batting: RHB Vernon Armstead
|
0-0: Ball 1-0: Called Strike 1-1: Ground out 5-3 (Groundball, 56, EV 90.6 MPH)
|
Batting: LHB Chris Stropolo
|
0-0: Called Strike 0-1: Hit by Pitch
|
Batting: RHB Dave C Anderson
|
0-0: Ball 1-0: Ball 2-0: Fly out, F9 (Flyball, 9S, EV 90.0 MPH)
|
Batting: SHB Mike D Young
|
0-0: Foul Ball, location: 2F 0-1: Ball 1-1: Foul Ball, location: 2F 1-2: Ball 2-2: Fly out, F7 (Line Drive, 7, EV 92.5 MPH)
|
Bottom of the 3rd over - 0 runs, 0 hits, 0 errors, 1 left on base; Daytona Beach 1 - Lakeland 0 |
TOP OF THE 4TH |
Daytona Beach Islanders batting - Pitching for Lakeland Pilots : RHP Doug Welenc
|
Batting: RHB Columbus Duncan
|
0-0: Ball 1-0: SINGLE (Line Drive, 78S, EV 97.5 MPH)
|
Batting: RHB Michael Lavery
|
0-0: Foul Ball, location: 2F 0-1: Called Strike 0-2: Foul Ball, location: 2F 0-2: Foul Ball, location: 2F 0-2: Foul Ball, location: 2F 0-2: Ball 1-2: Strikes out swinging
|
Batting: RHB Jeff Rutledge
|
0-0: Ball 1-0: Foul Ball, location: 2F 1-1: Swinging Strike 1-2: Ball 2-2: Strikes out swinging
|
Batting: RHB Francisco Gonzalez
|
0-0: Ball 1-0: Called Strike 1-1: Ball 2-1: Foul Ball, location: 2F 2-2: Ball 3-2: Base on Balls Columbus Duncan to second
|
Batting: RHB Jeffrey Coker
|
0-0: Ball 1-0: Foul Ball, location: 2F 1-1: Fly out, F8 (Line Drive, 8RM, EV 91.9 MPH)
|
Top of the 4th over - 0 runs, 1 hit, 0 errors, 2 left on base; Daytona Beach 1 - Lakeland 0 |
BOTTOM OF THE 4TH |
Lakeland Pilots batting - Pitching for Daytona Beach Islanders : RHP Steven Christison
|
Batting: LHB Mike Laga
|
0-0: Ball 1-0: Ball 2-0: Called Strike 2-1: Ground out U3 (Groundball, 3, EV 83.8 MPH)
|
Batting: RHB Victor Saenz
|
0-0: Ball 1-0: Called Strike 1-1: Ball 2-1: Called Strike 2-2: Ball 3-2: Foul Ball, location: 2F 3-2: Fly out, F7 (Line Drive, 7D, EV 92.5 MPH)
|
Batting: RHB Kevin McGann
|
0-0: Ball 1-0: Foul Ball, location: 2F 1-1: Ball 2-1: Called Strike 2-2: Ball 3-2: Strikes out swinging
|
Bottom of the 4th over - 0 runs, 0 hits, 0 errors, 0 left on base; Daytona Beach 1 - Lakeland 0 |
TOP OF THE 5TH |
Daytona Beach Islanders batting - Pitching for Lakeland Pilots : RHP Doug Welenc
|
Batting: RHB Robert Whitfield
|
0-0: Ball 1-0: Ball 2-0: Foul Ball, location: 2F 2-1: DOUBLE (Line Drive, 89XD, EV 108.8 MPH)
|
Batting: SHB Michael Frierson
|
0-0: Ball 1-0: Ball 2-0: Ball 3-0: Called Strike 3-1: Base on Balls
|
Batting: RHB Kalvin Adams
|
0-0: Sac Bunt to 5S - play at first, batter OUT! 5-3 Robert Whitfield to third Michael Frierson to second
|
Batting: SHB Randle Granger
|
0-0: Foul Ball, location: 2F 0-1: Ball 1-1: Foul Ball, location: 2F 1-2: Ball 2-2: Ball 3-2: Ground out 1-3 (Groundball, 13S, EV 61.9 MPH)
|
Batting: RHB Columbus Duncan
|
0-0: Ball 1-0: Ball 2-0: Foul Ball, location: 2F 2-1: Ball 3-1: Foul Ball, location: 2F 3-2: Strikes out swinging
|
Top of the 5th over - 0 runs, 1 hit, 0 errors, 2 left on base; Daytona Beach 1 - Lakeland 0 |
BOTTOM OF THE 5TH |
Lakeland Pilots batting - Pitching for Daytona Beach Islanders : RHP Steven Christison
|
Batting: RHB Juan Espino
|
0-0: Fly out, F6 (Popup, P, EV 70.0 MPH)
|
Batting: SHB Alphonso Eiland
|
0-0: Ball 1-0: Ball 2-0: SINGLE (Line Drive, 9S, EV 106.3 MPH)
|
Batting: RHB Vernon Armstead
|
0-0: Ball Alphonso Eiland steals 2nd base 1-0: Ball 2-0: Ball 3-0: Called Strike 3-1: TRIPLE (Flyball, 78XD, EV 101.3 MPH) Alphonso Eiland scores
|
Batting: LHB Chris Stropolo
|
0-0: Ball 1-0: Foul Ball, location: 2F 1-1: Swinging Strike 1-2: Ball 2-2: Ball 3-2: Foul Ball, location: 2F 3-2: Ground out U3 (Groundball, 3, EV 78.1 MPH)
|
Batting: RHB Dave C Anderson
|
0-0: Ball 1-0: Ball 2-0: Called Strike 2-1: DOUBLE (Flyball, 9LD, EV 106.3 MPH) Vernon Armstead scores
|
Batting: SHB Mike D Young
|
0-0: Called Strike 0-1: Ground out U3 (Groundball, 34S, EV 78.1 MPH)
|
Bottom of the 5th over - 2 runs, 3 hits, 0 errors, 1 left on base; Daytona Beach 1 - Lakeland 2 |
TOP OF THE 6TH |
Daytona Beach Islanders batting - Pitching for Lakeland Pilots : RHP Doug Welenc
|
Batting: RHB Michael Lavery
|
0-0: Called Strike 0-1: Ball 1-1: Ball 2-1: Fly out, F8 (Line Drive, 8LM, EV 91.3 MPH)
|
Batting: RHB Jeff Rutledge
|
0-0: Ball 1-0: Swinging Strike 1-1: Ball 2-1: Foul Ball, location: 2F 2-2: Foul Ball, location: 2F 2-2: DOUBLE (Flyball, 8LXD, EV 103.1 MPH)
|
Batting: RHB Francisco Gonzalez
|
0-0: Foul Ball, location: 2F 0-1: Ball 1-1: Ball 2-1: Called Strike 2-2: Foul Ball, location: 2F 2-2: Ball 3-2: Ground out 5-3 (Groundball, 56, EV 93.8 MPH)
|
Batting: RHB Jeffrey Coker
|
0-0: Ground out 6-3 (Groundball, 6S, EV 68.8 MPH)
|
Top of the 6th over - 0 runs, 1 hit, 0 errors, 1 left on base; Daytona Beach 1 - Lakeland 2 |
BOTTOM OF THE 6TH |
Lakeland Pilots batting - Pitching for Daytona Beach Islanders : RHP Steven Christison
|
Batting: LHB Mike Laga
|
0-0: Ball 1-0: Ball 2-0: SOLO HOME RUN (Flyball, 9LD, EV 90.6 MPH), Distance : 344 ft
|
Batting: RHB Victor Saenz
|
0-0: Ball 1-0: Ball 2-0: Ball 3-0: Called Strike 3-1: Ground out 6-3 (Groundball, 6MD, EV 110.6 MPH)
|
Batting: RHB Kevin McGann
|
0-0: Called Strike 0-1: Fly out, F7 (Flyball, 78D, EV 96.9 MPH)
|
Batting: RHB Juan Espino
|
0-0: Ball 1-0: Foul Ball, location: 2F 1-1: SINGLE (Groundball, P, EV 81.9 MPH) (infield hit)
|
Batting: SHB Alphonso Eiland
|
0-0: Fly out, F8 (Flyball, 8LS, EV 82.5 MPH)
|
Bottom of the 6th over - 1 run, 2 hits, 0 errors, 1 left on base; Daytona Beach 1 - Lakeland 3 |
TOP OF THE 7TH |
Daytona Beach Islanders batting - Pitching for Lakeland Pilots : RHP Doug Welenc
|
Batting: RHB Robert Whitfield
|
0-0: Called Strike 0-1: Ground out 6-3 (Groundball, 6, EV 84.4 MPH)
|
Batting: SHB Michael Frierson
|
0-0: Fly out, F7 (Flyball, 78D, EV 93.1 MPH)
|
Batting: RHB Kalvin Adams
|
0-0: Called Strike 0-1: SINGLE (Line Drive, 9S, EV 105.0 MPH)
|
Batting: SHB Randle Granger
|
0-0: Ball Wild Pitch! Kalvin Adams to second 1-0: Ball 2-0: Called Strike 2-1: Ball 3-1: Foul Ball, location: 2F 3-2: Strikes out looking
|
Top of the 7th over - 0 runs, 1 hit, 0 errors, 1 left on base; Daytona Beach 1 - Lakeland 3 |
BOTTOM OF THE 7TH |
Lakeland Pilots batting - Pitching for Daytona Beach Islanders : RHP Steven Christison
|
Batting: RHB Vernon Armstead
|
0-0: Ball 1-0: Ball 2-0: SINGLE (Line Drive, 4MD, EV 105.0 MPH)
|
Batting: LHB Chris Stropolo
|
Pickoff Throw to First - Error! E1 Vernon Armstead to second 0-0: Called Strike Vernon Armstead steals 3rd, throwing error, E2 Vernon Armstead scores 0-1: Foul Ball, location: 2F 0-2: Fly out, F8 (Line Drive, 8LM, EV 91.3 MPH)
|
Batting: RHB Dave C Anderson
|
0-0: Called Strike 0-1: Swinging Strike 0-2: Ball 1-2: Ball 2-2: Strikes out swinging
|
Batting: SHB Mike D Young
|
0-0: Called Strike 0-1: Swinging Strike 0-2: Foul Ball, location: 2F 0-2: Ground out U3 (Groundball, 3S, EV 70.6 MPH)
|
Bottom of the 7th over - 1 run, 1 hit, 2 errors, 0 left on base; Daytona Beach 1 - Lakeland 4 |
TOP OF THE 8TH |
Daytona Beach Islanders batting - Pitching for Lakeland Pilots : RHP Doug Welenc
|
Batting: RHB Columbus Duncan
|
0-0: Called Strike 0-1: Ball 1-1: Ground out 5-3 (Groundball, 56S, EV 63.8 MPH)
|
Batting: RHB Michael Lavery
|
0-0: Ball 1-0: Foul Ball, location: 2F 1-1: Swinging Strike 1-2: Fly out, F2 (Popup, 23F, EV 88.8 MPH)
|
Batting: RHB Jeff Rutledge
|
0-0: Fly out, F7 (Line Drive, 7D, EV 106.9 MPH)
|
Top of the 8th over - 0 runs, 0 hits, 0 errors, 0 left on base; Daytona Beach 1 - Lakeland 4 |
BOTTOM OF THE 8TH |
Lakeland Pilots batting - Pitching for Daytona Beach Islanders : RHP Steven Christison
|
Batting: LHB Mike Laga
|
0-0: Ball 1-0: DOUBLE (Line Drive, 89D, EV 105.0 MPH)
|
Batting: RHB Victor Saenz
|
0-0: Ball 1-0: Foul Ball, location: 2F 1-1: Called Strike 1-2: Fly out, F8 (Flyball, 8LS, EV 70.6 MPH)
|
Batting: RHB Kevin McGann
|
0-0: Intentional Walk
|
Batting: RHB Juan Espino
|
0-0: Fly out, F7 (Line Drive, 7, EV 84.4 MPH)
|
Batting: SHB Alphonso Eiland
|
0-0: Ball 1-0: Foul Ball, location: 2F 1-1: Ball 2-1: Called Strike 2-2: Ground out U3 (Groundball, 34S, EV 87.5 MPH)
|
Bottom of the 8th over - 0 runs, 1 hit, 0 errors, 2 left on base; Daytona Beach 1 - Lakeland 4 |
TOP OF THE 9TH |
Daytona Beach Islanders batting - Pitching for Lakeland Pilots : RHP Doug Welenc
|
Pitching: RHP Joe Boever
|
|
Batting: RHB Francisco Gonzalez
|
0-0: Ball 1-0: Ground out 1-3 (Groundball, 34S, EV 66.9 MPH)
|
Batting: RHB Jeffrey Coker
|
0-0: Ball 1-0: Called Strike 1-1: Ball 2-1: Swinging Strike 2-2: Fly out, F6 (Popup, 6M, EV 79.4 MPH)
|
Batting: RHB Robert Whitfield
|
0-0: Ball 1-0: Foul Ball, location: 2F 1-1: Swinging Strike 1-2: Ball 2-2: Strikes out looking
|
Top of the 9th over - 0 runs, 0 hits, 0 errors, 0 left on base; Daytona Beach 1 - Lakeland 4 |
|